 Dungeon Crawl Stone Soup version 0.27.1-2-g3b301248ec (webtiles) character file.

Game seed: 1469170791464354298

56 barney the Ruffian (level 3, 0/28 HPs)
             Began as a Draconian Transmuter on Sept 26, 2021.
             Slain by an adder (2 damage)
             ... on level 2 of the Dungeon.
             The game lasted 00:01:09 (1746 turns).

barney the Ruffian (Draconian Transmuter)           Turns: 1746, Time: 00:01:10

Health: 0/28       AC:  5    Str: 12    XL:     3   Next: 71%
Magic:  6/6        EV: 12    Int: 14    God:
Gold:   79         SH:  0    Dex: 11    Spells: 5/6 levels left

rFire    . . .     SeeInvis .     - Unarmed
rCold    . . .     Faith    .   (no shield)
rNeg     . . .     Spirit   .   (armour unavailable)
rPois    .         Reflect  .   (helmet restricted)
rElec    .         Harm     .   (no cloak)
rCorr    .         Rampage  .   (no gloves)
Will     .....                  (no boots)
Stlth    +.........             (no amulet)
HPRegen  0.09/turn              (no ring)
MPRegen  0.10/turn              (no ring)

@: lethally poisoned (0 -> -4)
A: AC +5, unfitting armour, cold-blooded
a: no special abilities


You were on level 2 of the Dungeon.
You visited 1 branch of the dungeon, and saw 2 of its levels.

You collected 79 gold pieces.

Inventory:

Scrolls
 c - 2 scrolls of teleportation {unknown}
 f - a scroll of summoning {unknown}
Potions
 a - a potion of ambrosia {unknown}
 b - a potion of degeneration {unknown}
 d - 2 potions of curing {unknown}
 e - a potion of invisibility {unknown}


   Skills:
 - Level 1.1 Fighting
 - Level 1.7 Dodging
 + Level 4.4 Unarmed Combat
 - Level 2.0 Spellcasting
 + Level 2.5 Transmutations


You had 5 spell levels left.
You knew the following spells:

 Your Spells              Type           Power      Damage    Failure   Level
a - Beastly Appendage     Tmut           16%        N/A       9%          1

Your spell library contained the following spells:

 Spells                   Type           Power      Damage    Failure   Level
 Wereblood                Tmut           8%         N/A       13%         2
 Magic Dart               Conj           4%         1d3       24%         1
 Call Imp                 Summ           1%         N/A       34%         2
 Spider Form              Tmut/Pois      2%         N/A       38%         3
 Mephitic Cloud           Conj/Pois/Air  1%         N/A       56%         3
 Ice Form                 Ice/Tmut       4%         N/A       80%         4


Dungeon Overview and Level Annotations

Branches:
Dungeon (2/15)

Altars:


Innate Abilities, Weirdness & Mutations

Your plain brown scales are hard. (AC +5)
You cannot fit into any form of body armour.
You are cold-blooded and may be slowed by cold attacks.


Message History

A ball python, an adder and a goblin come into view.
There are monsters nearby!
A ball python comes into view.
Found a scroll labelled RUHIST ACAIB, 2 gold pieces and a purple potion.
The goblin shouts!
The ball python hisses angrily.
The adder hisses angrily.
The ball python hisses angrily.
You hear a bark!
There are monsters nearby!
Your horns disappear.
Your talons disappear.
You hear a shout!
The adder barely misses you.
A hound comes into view.
The adder bites you.
You are poisoned.
The adder poisons you!
You feel sick.
The quokka bites you but does no damage.
You closely miss the quokka.
You feel sick. The quokka bites you. The goblin closely misses you.
The adder misses you.
You hit the quokka but do no damage.
You feel sick.
The quokka bites you but does no damage.
The adder closely misses you. The goblin barely misses you.
You hit the quokka but do no damage.
You feel sick.
You are no longer poisoned.
The adder bites you.
You are poisoned.
The adder poisons you! The quokka barely misses you.
The goblin closely misses you.
You miss the quokka. You tail-slap the quokka.
The quokka is moderately wounded.
You feel sick. The quokka bites you.
* * * LOW HITPOINT WARNING * * *
The adder bites you but does no damage. The goblin barely misses you.
You completely miss the quokka.
The quokka is moderately wounded.
The adder misses you.
The quokka twitches its whiskers.
The quokka bites you.
* * * LOW HITPOINT WARNING * * *
The goblin misses you. The adder bites you.
You die...

.. ##. ## ... !.
..#. ## #... .?.
..###..# #SS$#..#
#gSh#..#
..####@###$.###.#
#.....r...........
##.####..........#
#.##.######
...##.# ######.#
#######.#
#.......# ###
#.##....# ##.##


You could see a hound, an adder, a quokka, a goblin and 2 ball pythons.

Vanquished Creatures
  2 adders (D:2)
  2 worms (D:2)
  3 dart slugs (D:1)
  7 bats (D:1)
  4 endoplasms
  2 goblins (D:1)
  A hobgoblin (D:1)
  A frilled lizard (D:1)
  4 rats
26 creatures vanquished.

Notes
Turn   | Place    | Note
-------+----------+-------------------------------------------
     0 | D:1      | barney the Draconian Transmuter began the quest for the
                  | Orb.
     0 | D:1      | Reached XP level 1. HP: 16/16 MP: 3/3
   559 | D:1      | Reached XP level 2. HP: 23/23 MP: 5/5
  1214 | D:2      | Reached skill level 4 in Unarmed Combat
  1214 | D:2      | Reached XP level 3. HP: 23/28 MP: 4/6
  1746 | D:2      | Slain by an adder

Illustrated notes

Levels and vault maps discovered:
D:1:      enne_arrival_octagon_isle, layout_rooms
D:2:      layout_loops_corners, basic_ecumenical_altar, minmay_octomino_c4

Skill      XL: |  1  2 |
---------------+-------+-----
Unarmed Combat | 4 |  4.4
Fighting       | |  1.1
Dodging        | |  1.7
Spellcasting   | |  2.0
Transmutations | |  2.5

Action                   || total
-------------------------++-------
Melee: Unarmed           ||    85
       Headbutt          ||     5
       Kick              ||     4
       Tailslap          ||    11
 Cast: Beastly Appendage ||    10
 Stab: Sleeping          ||     1
Armor: Skin              ||    27
Dodge: Dodged            ||    58
